 Dungeon Crawl Stone Soup version 0.26-a0-21-gf97e55dc39 (webtiles) character file.

Game seed: 10731143120169868339, levelgen mode: deterministic

24359 MisterFreud the Carver (level 13, -27/92 HPs)
             Began as an Octopode Gladiator on May 26, 2020.
             Was the Champion of Cheibriados.
             Engulfed by a cloud of freezing vapour (52 damage)
             ... in an ice cave.
             The game lasted 00:20:48 (16219 turns).

MisterFreud the Carver (Octopode Gladiator)        Turns: 16219, Time: 00:20:48

Health: -27/92     AC:  3    Str: 28    XL:     13   Next: 12%
Magic:  0/17       EV: 27    Int: 29    God:    Cheibriados [******]
Gold:   710        SH:  0    Dex: 30    Spells: 12/12 levels left

rFire    + . .     SeeInvis .   I - +3 double sword (holy)
rCold    . . .     Gourm    .   (no shield)
rNeg     . . .     Faith    .   Q - +2 hat
rPois    +         Spirit   +   u - amulet of guardian spirit
rElec    .         Reflect  .   O - ring of stealth
rCorr    .         Harm     .   L - ring of protection from fire
MR       .....                  V - ring of poison resistance
Stlth    ++++......             (no ring)
HPRegen  0.25/turn              (no ring)
MPRegen  0.15/turn              (no ring)
                                (no ring)
                                (no ring)

@: very slow
A: almost no armour, stealthy swim, amphibious, 8 rings, constrict 8, camouflage
1, gelatinous body 1
a: Bend Time, Temporal Distortion, Slouch, Step From Time, Renounce Religion


You were in an ice cave.
You worshipped Cheibriados.
Cheibriados was exalted by your worship.
You were not hungry.

You visited 3 branches of the dungeon, and saw 13 of its levels.
You also visited: Ice Cave.

You collected 710 gold pieces.

Inventory:

Hand Weapons
 a - a +1 long sword
 I - a +3 double sword of holy wrath (weapon)
 W - a +2 scimitar of flaming
Missiles
 c - 3 throwing nets
 l - 5 atropa-tipped darts
 w - 8 boomerangs (quivered)
 y - 5 silver boomerangs
 C - 33 poisoned darts
 H - 6 javelins
 U - 4 silver javelins
Armour
 Q - a +2 hat (worn)
Jewellery
 b - an uncursed ring of resist corrosion
 u - an amulet of guardian spirit (around mantle)
 L - a ring of protection from fire (right tentacle)
 O - a ring of stealth (left tentacle)
 V - a ring of poison resistance (on tentacle)
Wands
 r - a wand of flame (17)
 t - a wand of polymorph (6)
 B - a wand of enslavement (9)
 K - a wand of digging (6)
 P - a wand of acid (6)
Scrolls
 e - a scroll of immolation {unknown}
 f - 2 scrolls of enchant weapon
 i - 5 scrolls of teleportation {unknown}
 k - 5 scrolls of remove curse
 p - 5 scrolls of blinking {unknown}
 q - 2 scrolls of magic mapping
 x - a scroll of fear
 A - a scroll of torment {unknown}
 E - 3 scrolls of brand weapon {unknown}
 F - 3 scrolls of fog {unknown}
 G - 4 scrolls of identify
 N - a scroll of enchant armour {unknown}
 R - a scroll of noise {unknown}
Potions
 g - a potion of degeneration
 h - 2 potions of resistance {unknown}
 j - 2 potions of stabbing
 m - 3 potions of brilliance
 n - 6 potions of lignification
 o - 2 potions of haste
 s - 2 potions of ambrosia {unknown}
 v - 2 potions of invisibility
 z - 4 potions of curing
 D - 2 potions of might {unknown}
 J - a potion of cancellation {unknown}
 M - a potion of flight {unknown}
 S - 2 potions of heal wounds
Comestibles
 d - 19 rations


   Skills:
 - Level 10.0 Fighting
 + Level 13.5 Long Blades
 - Level 6.0 Throwing
 - Level 12.0 Dodging
 - Level 6.0 Invocations


You had 12 spell levels left.
You didn't know any spells.
Your spell library contained the following spells:

 Spells                   Type           Power        Failure   Level  Hunger
 Animate Skeleton         Necr           N/A          11%         1    ##.....
 Apportation              Tloc           #.....       11%         1    ##.....
 Corona                   Hex            #......      11%         1    ##.....
 Magic Dart               Conj           #...         11%         1    ##.....
 Pain                     Necr           #...         11%         1    ##.....
 Summon Butterflies       Summ           #.......     11%         1    ##.....
 Summon Small Mammal      Summ           #...         11%         1    ##.....
 Blink                    Tloc           N/A          16%         2    ###....
 Call Imp                 Summ           #.......     16%         2    ###....
 Corpse Rot               Necr/Air       N/A          16%         2    ###....
 Poisonous Vapours        Pois/Air       #.....       16%         2    ###....
 Slow                     Hex            #.......     16%         2    ###....
 Sublimation of Blood     Necr           #.........   16%         2    ###....
 Conjure Flame            Conj/Fire      #.......     30%         3    ####...
 Lesser Beckoning         Tloc           #.........   30%         3    ####...
 Mephitic Cloud           Conj/Pois/Air  #.......     30%         3    ####...
 Tukima's Dance           Hex            #.......     30%         3    ####...
 Vampiric Draining        Necr           #.........   30%         3    ####...
 Animate Dead             Necr           N/A          71%         4    #####..
 Dispel Undead            Necr           #.......     71%         4    #####..
 Agony                    Necr           #.......     96%         5    ######.
 Alistair's Intoxication  Tmut/Pois      #.......     96%         5    ######.
 Excruciating Wounds      Chrm/Necr      #.........   96%         5    ######.
 Freezing Cloud           Conj/Ice/Air   #.........   100%        6    #######
 Invisibility             Hex            #.......     100%        6    #######
 Ring of Flames           Chrm/Fire      #.........   100%        7    #######


Dungeon Overview and Level Annotations

Branches:
Dungeon (11/15)            Temple (1/1) D:5            Lair (1/6) D:8
    Orc (0/2) D:9           IceCv (1/1)

Altars:
Cheibriados
Okawaru
Ru
Xom
Yredelemnul
Zin

Shops:
D:9 [

Annotations:
Lair:1 exclusion: hydra IceCv exclusion: ice statue


Innate Abilities, Weirdness & Mutations

You cannot wear most types of armour.
You are very stealthy in the water. (Stealth+)
You are amphibious.
You can wear up to eight rings at the same time.
You can use your tentacles to constrict eight enemies at once.
Your skin changes colour to match your surroundings (Stealth+).
Your rubbery body absorbs attacks. (AC +1, EV +1)


Message History

The ice statue is severely damaged.
You are engulfed in freezing vapours.
You hit the ice statue but do no damage.
The ice statue is severely damaged.
You are engulfed in freezing vapours.
The ice statue gestures.
You hit the ice statue.
You squeeze the ice statue, but do no damage.
The ice statue is severely damaged.
You are engulfed in freezing vapours.
You slice the ice statue!!
You destroy the ice statue!
Cheibriados thoroughly appreciates the change of pace.
The ice beast disappears in a puff of smoke!
You are engulfed in freezing vapours.
* * * LOW HITPOINT WARNING * * *
The ice statue gestures.
You are engulfed in freezing vapours.
Ouch! That really hurt!
You die...

##### ##.....
##....... ##..○.....
#### #°°○......
##..## ##○.......
##....######@.°4.....
#.......##...Y.......
#..∩∩.............⌠..
#....................
##....##..##..Y......
##..########........
#### 8........
#........ ##.......


You could see an ice devil and 2 ice beasts.

Vanquished Creatures
  Erolcha (D:10)
  Erica (Lair:1)
  4 two-headed ogres
  A queen ant (D:10)
  Urug (D:10)
  Nergalle (D:10)
  An unseen horror (D:11)
  Pikel (D:4)
  2 ugly things (D:11)
  A centaur zombie (D:11)
  An ice statue (IceCv)
  A gargoyle (D:10)
  A kobold demonologist (D:7)
  A komodo dragon (D:10)
  2 ice devils (IceCv)
  2 trolls (D:10)
  3 hornets
  Grinder (D:3)
  2 hippogriffs (D:10)
  A blink frog (Lair:1)
  Sigmund (D:4)
  2 vampires (D:10)
  Eustachio (D:5)
  A shadow (D:10)
  2 wraiths (D:10)
  A fire bat (D:8)
  15 yaks
  A basilisk (D:8)
  6 humans (D:7)
  Menkaure (D:4)
  3 porcupines
  Edmund (D:4)
  5 soldier ants (D:10)
  A water moccasin (Lair:1)
  3 orc warriors
  5 sky beasts
  3 slaves (D:4)
  2 ice beasts
  2 black bears (D:10)
  A necrophage (D:7)
  2 phantoms
  3 ogres
  An eye of draining (D:9)
  2 crocodiles (D:8)
  9 centaurs
  2 big kobolds
  11 bullfrogs
  4 gnoll sergeants
  A wyvern zombie (D:6)
  A wyvern skeleton (D:11)
  4 scorpions
  A killer bee (D:10)
  6 wights
  3 howler monkeys
  A bullfrog zombie (D:9)
  2 quasits (D:10)
  A bullfrog skeleton (D:5)
  A gnoll shaman (D:9)
  12 hounds
  8 orc priests
  5 jellies
  9 orc wizards
  5 centaur skeletons
  2 iguanas
  26 worker ants
  A bullfrog simulacrum (D:10)
  2 hound zombies (D:8)
  A howler monkey zombie (D:7)
  Robin (D:3)
  7 adders
  13 gnolls
  5 shadow imps
  6 oozes
  2 adder skeletons
  4 worms
  A dart slug (D:3)
  3 leopard geckos
  55 orcs
  A ball python (D:2)
  5 giant cockroaches
  19 goblins
  9 hobgoblins
  10 jackals
  A quokka (D:7)
  2 bats
  4 frilled lizards
  A jackal skeleton (D:4)
  14 kobolds
  9 rats
384 creatures vanquished.

Vanquished Creatures (collateral kills)
  2 humans (D:7)
  A hound (D:7)
3 creatures vanquished.

Vanquished Creatures (others)
  A yak (D:7)
  An orc priest (D:9)
  A bush (D:8)
  2 fungi (D:8)
  9 plants (D:8)
14 creatures vanquished.

Grand Total: 401 creatures vanquished

Notes
Turn   | Place    | Note
-------+----------+-------------------------------------------
     0 | D:1      | MisterFreud the Octopode Gladiator began the quest for the
                  | Orb.
     0 | D:1      | Reached XP level 1. HP: 14/14 MP: 1/1
   121 | D:1      | Reached XP level 2. HP: 16/20 MP: 2/2
   508 | D:1      | Reached XP level 3. HP: 21/26 MP: 3/3
  1424 | D:2      | Reached XP level 4. HP: 28/33 MP: 4/4
  1669 | D:2      | Reached skill level 4 in Long Blades
  2135 | D:3      | Reached XP level 5. HP: 32/37 MP: 5/5
  2257 | D:3      | Noticed Grinder
  2265 | D:3      | Killed Grinder
  2265 | D:3      | Reached skill level 6 in Long Blades
  2265 | D:3      | Reached XP level 6. HP: 34/43 MP: 6/6
  2339 | D:3      | Noticed Robin
  2767 | D:4      | Noticed a slave
  2783 | D:4      | Killed a slave
  2813 | D:4      | Noticed a slave
  2815 | D:4      | Noticed Pikel
  2821 | D:4      | Killed a slave
  2821 | D:4      | Noticed a slave
  2823 | D:4      | Noticed a slave
  2847 | D:5      | Entered Level 5 of the Dungeon
  3241 | D:5      | Reached XP level 7. HP: 38/48 MP: 7/7
  3392 | D:4      | Noticed Edmund
  3405 | D:4      | Killed Edmund
  3405 | D:4      | Reached skill level 5 in Dodging
  3616 | D:4      | Noticed Sigmund
  3620 | D:4      | Killed Sigmund
  3905 | D:4      | Noticed Menkaure
  3912 | D:4      | Killed Menkaure
  3912 | D:4      | Reached XP level 8. HP: 28/54 MP: 8/8
  4979 | D:3      | Found a sacrificial altar of Ru.
  5035 | D:3      | Killed Robin
  5419 | D:4      | Killed Pikel
  5419 | D:4      | Reached skill level 5 in Fighting
  5419 | D:4      | Reached skill level 7 in Long Blades
  5419 | D:4      | Reached XP level 9. HP: 32/61 MP: 9/9
  6032 | D:5      | Noticed Eustachio
  6042 | D:5      | Killed Eustachio
  6216 | D:5      | Found a staircase to the Ecumenical Temple.
  6218 | D:5      | Found a faded altar of an unknown god.
  6233 | Temple   | Entered the Ecumenical Temple
  6292 | Temple   | Became a worshipper of Cheibriados the Contemplative
  6634 | D:6      | Reached skill level 8 in Long Blades
  6938 | D:6      | Reached * piety under Cheibriados
  7361 | D:6      | Reached skill level 9 in Long Blades
  7637 | D:7      | Noticed a kobold demonologist
  7645 | D:7      | Killed a kobold demonologist
  7992 | D:7      | Found a large runed translucent door.
  7996 | D:7      | Found a large runed translucent door.
  7997 | D:7      | Found a large runed translucent door.
  7997 | D:7      | Found a large runed translucent door.
  8042 | D:7      | Reached skill level 10 in Long Blades
  8046 | D:7      | Reached ** piety under Cheibriados
  8214 | D:7      | Reached skill level 1 in Invocations
  8586 | D:7      | Reached XP level 10. HP: 62/68 MP: 12/12
  8831 | D:7      | Found a runed translucent door.
  8894 | D:7      | Reached skill level 5 in Invocations
  9207 | D:7      | Reached *** piety under Cheibriados
  9586 | D:8      | Reached skill level 10 in Dodging
 10054 | D:8      | Found a staircase to the Lair.
 10063 | D:8      | Reached XP level 11. HP: 56/72 MP: 11/15
 10935 | D:9      | Noticed a two-headed ogre
 10939 | D:9      | Killed a two-headed ogre
 10944 | D:9      | Reached **** piety under Cheibriados
 10948 | D:9      | Paralysed by a hornet for 1 turns
 11884 | D:9      | Found a staircase to the Orcish Mines.
 11928 | D:9      | Found Xiocreaj's Armour Emporium.
 11999 | D:10     | Entered Level 10 of the Dungeon
 11999 | D:10     | Noticed Urug
 12006 | D:10     | Killed Urug
 12097 | D:10     | Noticed Erolcha
 12106 | D:10     | Killed Erolcha
 12255 | D:10     | Reached ***** piety under Cheibriados
 12969 | D:10     | Reached skill level 11 in Long Blades
 13072 | D:10     | Reached XP level 12. HP: 82/82 MP: 16/16
 13077 | D:10     | Reached skill level 5 in Throwing
 13137 | D:10     | Found a basalt altar of Yredelemnul.
 13248 | D:10     | Noticed Nergalle
 13255 | D:10     | Killed Nergalle
 13368 | D:10     | Noticed a queen ant
 13386 | D:10     | Killed a queen ant
 13685 | D:10     | Reached ****** piety under Cheibriados
 14499 | D:11     | Noticed a two-headed ogre
 14507 | D:11     | Killed a two-headed ogre
 14692 | D:11     | Noticed a two-headed ogre
 14694 | D:11     | Reached skill level 12 in Long Blades
 14703 | D:11     | Killed a two-headed ogre
 15198 | D:11     | Noticed a two-headed ogre
 15209 | D:11     | Killed a two-headed ogre
 15225 | D:11     | Reached skill level 10 in Fighting
 15777 | Lair:1   | Entered Level 1 of the Lair of Beasts
 15817 | Lair:1   | Reached XP level 13. HP: 92/92 MP: 17/17
 15822 | Lair:1   | Reached skill level 13 in Long Blades
 15943 | Lair:1   | Found a frozen archway.
 15950 | Lair:1   | Noticed Erica
 15957 | Lair:1   | Killed Erica
 15964 | IceCv    | Entered an ice cave
 16219 | IceCv    | Engulfed by a cloud of freezing vapour

Illustrated notes

Levels and vault maps discovered:
D:1:      dpeg_arrival_tiny_a, layout_basic
D:2:      cheibrodos_pilgrimage, layout_basic, minivault_27
D:3:      layout_rooms, hangedman_ru_absence, uniq_grinder, uniq_robin
D:4:      layout_loops_ring, uniq_sigmund, uniq_pikel, uniq_edmund,
          uniq_menkaure
D:5:      layout_basic, nicolae_temple_entry_ecumenical, first_ration,
          uniq_eustachio
D:6:      layout_rooms
D:7:      erik_cavepeople, layout_basic
D:8:      layout_loops_ring, minmay_lair_entry_grove
D:9:      minmay_angry_zag, layout_cave_pools, orc_0_dummy, serial_gnoll_camp,
          gnoll_camp_mini_shop, gnoll_camp_mini_hut, gnoll_camp_mini_hut,
          gnoll_camp_mini_hut, gnoll_camp_medium_01
D:10:     minmay_the_grid_4x2 [minmay_the_grid_aliased_spiral,
          minmay_the_grid_rooms, minmay_the_grid_spikes,
          minmay_the_grid_small_cups, minmay_the_grid_zigzag_pyramid,
          minmay_the_grid_all_tris, minmay_the_grid_gridbox,
          minmay_the_grid_prize_four_corners], layout_rooms, basic_altar,
          hangedman_little_slice_of_home, minmay_another_anthill, uniq_nergalle,
          uniq_erolcha, uniq_urug
D:11:     layout_loops_ring
Temple:   roderic_octagonal_lattice_temple
Lair:1:   layout_misc_corridors, portal_ice_cave_entry_pillars_2, uniq_harold,
          uniq_sonja, uniq_erica
IceCv:    ice_cave_tombish

Skill      XL: |  1  2  3  4  5  6  7  8  9 10 11 12 13 |
---------------+----------------------------------------+-----
Fighting       | 3 4 5 6 7 10 | 10.0
Long Blades    | 4 6 7 10 11 12 13 | 13.5
Dodging        | 4 6 8 11 12 | 12.0
Invocations    | 3 6 |  6.0
Throwing       | 4 6 |  6.0

Action                   |  1- 3 |  4- 6 |  7- 9 | 10-12 | 13-15 || total
-------------------------+-------+-------+-------+-------+-------++-------
Melee: Long sword        |    62 |    89 |   248 |   229 |       ||   628
       Constrict         |    21 |    33 |    69 |    96 |     7 ||   226
       Tentacles         |    10 |    26 |    72 |   237 |    16 ||   361
       Double sword      |       |       |       |   231 |    25 ||   256
Throw: Boomerang         |       |       |       |     8 |       ||     8
       Dart              |       |       |       |     2 |       ||     2
Invok: Slouch            |       |       |       |     1 |       ||     1
Evoke: Wand              |       |       |       |     5 |       ||     5
  Use: Potion            |       |     1 |     2 |     1 |       ||     4
       Scroll            |       |       |     9 |     1 |       ||    10
 Stab: Sleeping          |     5 |     2 |    14 |    17 |       ||    38
       Distracted        |       |       |     1 |     3 |       ||     4
  Eat: Chunk             |     1 |     4 |    13 |    10 |     2 ||    30
       Ration            |       |     1 |       |       |       ||     1
Armor: Skin              |     4 |     6 |     5 |     3 |     1 ||    19
Dodge: Dodged            |    49 |    69 |   160 |   433 |    22 ||   733
       Rpst.: Long sword |    13 |    19 |    39 |    53 |       ||   124
       Double sword      |       |       |       |    68 |     3 ||    71

Table legend:
 A = Non-vault XP
 B = Vault XP
 C = Vault XP percentage of total XP
 D = Non-vault monster count
 E = Vault monster count
 F = Vault count percentage of total count
                 A         B        C        D         E       F
            +---------+---------+-------+---------+---------+-------
      Total |   17143 |   17656 |  50.7 |     246 |     138 |  35.9
            +---------+---------+-------+---------+---------+-------
        D:1 |      49 |       0 |   0.0 |      27 |       0 |   0.0
        D:2 |      56 |      53 |  48.6 |      18 |       5 |  21.7
        D:3 |      84 |     313 |  78.8 |      19 |      12 |  38.7
        D:4 |     439 |    1189 |  73.0 |      20 |       6 |  23.1
        D:5 |     317 |     208 |  39.6 |      17 |       1 |   5.6
        D:6 |     837 |       0 |   0.0 |      25 |       0 |   0.0
        D:7 |    1156 |    2559 |  68.9 |      22 |      19 |  46.3
        D:8 |     417 |    2046 |  83.1 |       7 |      13 |  65.0
        D:9 |    1419 |     795 |  35.9 |      15 |      16 |  51.6
       D:10 |    4100 |    8451 |  67.3 |      33 |      62 |  65.3
       D:11 |    7430 |       0 |   0.0 |      37 |       0 |   0.0
     Lair:1 |     839 |     923 |  52.4 |       6 |       1 |  14.3
      IceCv |       0 |    1119 | 100.0 |       0 |       3 | 100.0
            +---------+---------+-------+---------+---------+-------
